 Dungeon Crawl Stone Soup version 0.29-a0-375-g5102b3be25 (webtiles) character file.

Game seed: 14649127796459268263

165 zishaf the Magician (level 5, -3/40 HPs)
             Began as a Djinni Venom Mage on May 3, 2022.
             Slain by an ogre
             ... wielding a +0 giant club
              (24 damage)
             ... on level 2 of the Dungeon.
             The game lasted 00:04:37 (2592 turns).

zishaf the Magician (Djinni Venom Mage)             Turns: 2592, Time: 00:04:38

Health: -3/40      AC:  4    Str:  7    XL:     5   Next: 74%
Gold:   190        EV: 12    Int: 18    God:
                   SH:  0    Dex: 14

rFire   + + .      SeeInvis .   e - +0 dagger
rCold   x . .      Faith    .   (no shield)
rNeg    . . .      Spirit   .   a - +0 robe
rPois   ∞          Reflect  .   j - +0 helmet
rElec   .          Harm     .   h - +0 cloak
rCorr   .          Rampage  .   (no gloves)
Will    .....                   (boots unavailable)
Stlth   ++........              (no amulet)
HPRegen 0.13/turn               (no ring)
MPRegen 0.00/turn               (no ring)

@: flying
A: sickness immunity, fire resistance 2, cold vulnerability 1, float, innate
caster, HP casting, extra vitality 1
a: no special abilities


You were on level 2 of the Dungeon.
You visited 1 branch of the dungeon, and saw 2 of its levels.

You collected 190 gold pieces.

Inventory:

Hand Weapons
 e - a +0 dagger (weapon)
Armour
 a - a +0 robe (worn)
 h - a +0 cloak (worn)
 j - a +0 helmet (worn)
Wands
 k - a wand of mindburst (9)
Scrolls
 c - a scroll of brand weapon {unknown}
 d - 3 scrolls of identify {unknown}
 f - 2 scrolls of blinking {unknown}
 g - 2 scrolls of poison {unknown}
Potions
 b - 4 potions of degeneration {unknown}
 i - a potion of flight {unknown}


   Skills:
 + Level 3.3 Fighting
 - Level 2.1 Dodging
 - Level 1.5 Stealth
 + Level 3.7 Spellcasting


You couldn't memorise any spells.
You knew the following spells:

 Your Spells              Type           Power      Damage    Failure   Level
a - Sting                 Tmut/Pois      64%        1d6       3%          1
b - Poisonous Vapours     Pois/Air       32%        N/A       4%          2
c - Mephitic Cloud        Conj/Pois/Air  16%        N/A       10%         3
d - Olgreb's Toxic Radia  Pois           16%        N/A       32%         4
e - Blink                 Tloc           32%        N/A       4%          2
A - Animate Skeleton      Necr           32%        N/A       3%          1
Your spell library was empty.

Dungeon Overview and Level Annotations

Branches:
Dungeon (2/15)

Altars:
Gozag


Innate Abilities, Weirdness & Mutations

You are immune to sickness and miasma.
You are immune to poison.
Your flesh is very heat resistant. (rF++)
You are vulnerable to cold. (rC-)
You float through the air rather than walking.
You learn spells naturally, not from books.
Your magical power is your life essence.
You have superior vitality. (+4 MHP)


Message History

Casting: Sting (safe; 3% risk of failure)
Confirm with . or Enter, or press ? or * to list all spells.
Okay, then.
Casting: Sting (safe; 3% risk of failure)
Confirm with . or Enter, or press ? or * to list all spells.
Aiming: Poisonous Vapours (safe; 4% risk of failure)
Press: ? - help, Dir - move target, f - ogre
Aim: an ogre, wielding a +0 giant club Poisonous vapours surround the ogre!
The ogre is poisoned.
Casting: Poisonous Vapours (safe; 4% risk of failure)
Confirm with . or Enter, or press ? or * to list all spells.
Aiming: Poisonous Vapours (safe; 4% risk of failure)
Press: ? - help, Dir - move target, f/p - ogre
Aim: an ogre, wielding a +0 giant club (poisoned) Poisonous vapours surround the ogre!
The ogre looks even sicker.
There is an open door here.
Casting: Poisonous Vapours (safe; 4% risk of failure)
Confirm with . or Enter, or press ? or * to list all spells.
Aiming: Poisonous Vapours (safe; 4% risk of failure)
Press: ? - help, Dir - move target, f/p - ogre
Aim: an ogre, wielding a +0 giant club (lightly wounded, very poisoned) Poisonous vapours surround the ogre!
The ogre looks even sicker.
There is an open door here.
Casting: Poisonous Vapours (safe; 4% risk of failure)
Confirm with . or Enter, or press ? or * to list all spells.
Aiming: Poisonous Vapours (safe; 4% risk of failure)
Press: ? - help, Dir - move target, f/p - ogre
Aim: an ogre, wielding a +0 giant club (heavily wounded, poisoned) Poisonous vapours surround the ogre!
The ogre looks even sicker.
Casting: Poisonous Vapours (safe; 4% risk of failure)
Confirm with . or Enter, or press ? or * to list all spells.
Aiming: Poisonous Vapours (safe; 4% risk of failure)
Press: ? - help, Dir - move target, f/p - ogre
Aim: an ogre, wielding a +0 giant club (almost dead, poisoned) Poisonous vapours surround the ogre!
The ogre looks even sicker.
The ogre attacks as you move away! The ogre hits you with a +0 giant club!
The ogre attacks as you move away!
The ogre hits you with a +0 giant club!!
Ouch! That really hurt!
You die...

##'###+### ############.###
#........)##.#.. #.#######.##.#.#
#.....###.##.#.######
#####.####.....#......###########
.......†..>.....)....)...).......
...........#†#####<...###########
...............O@................
...........#..........#########..
...†......###########.# #..
..........# #.# ##.. ..........#
#.# #... ..........# #.# #...
......)...# #.# #.#. ####.....##
.# #... #####.# .# ####


You could see an ogre (very poisoned).

Vanquished Creatures
  Jessica (D:2)
  Terence (D:2)
  Robin (D:2)
  3 gnolls (D:2)
  2 adders (D:2)
  A worm (D:2)
  4 dart slugs
  4 endoplasms
  2 giant cockroaches
  7 goblins
  4 hobgoblins
  A quokka (D:2)
  8 ball pythons
  5 bats
  3 frilled lizards
  A kobold (D:1)
  A rat (D:1)
49 creatures vanquished.

Vanquished Creatures (others)
  A fungus (D:1)
  4 toadstools (D:1)
5 creatures vanquished.

Grand Total: 54 creatures vanquished

Notes
Turn   | Place    | Note
-------+----------+-------------------------------------------
     0 | D:1      | zishaf the Djinni Venom Mage began the quest for the Orb.
     0 | D:1      | Reached XP level 1. HP: 15/15 MP: 0/0
   308 | D:1      | Reached skill level 1 in Fighting
   308 | D:1      | Reached XP level 2. HP: 21/22 MP: 0/0
   907 | D:1      | Found a faded altar of an unknown god.
   920 | D:1      | Reached XP level 3. HP: 14/27 MP: 0/0
   920 | D:1      | Learned a level 1 spell: Animate Skeleton
  1435 | D:2      | Found an opulent altar of Gozag.
  1479 | D:2      | Reached XP level 4. HP: 14/33 MP: 0/0
  1789 | D:2      | Noticed Robin
  2056 | D:2      | Killed Robin
  2163 | D:2      | Noticed Terence
  2248 | D:2      | Killed Terence
  2249 | D:2      | Reached XP level 5. HP: 30/40 MP: 0/0
  2249 | D:2      | Learned a level 2 spell: Blink
  2250 | D:2      | Noticed Jessica
  2259 | D:2      | Killed Jessica
  2553 | D:2      | Noticed an ogre
  2592 | D:2      | Slain by an ogre

Illustrated notes

Levels and vault maps discovered:
D:1:      saegor_arrival_simple_b, layout_loops_ring, serial_aquarium,
          aquarium_bridge_square [aquarium_subvault_wall,
          aquarium_subvault_bridge, aquarium_subvault_window,
          aquarium_subvault_bridge], aquarium_window_corner,
          aquarium_window_corridor_2, aquarium_window_2, aquarium_view_2g,
          aquarium_view_2d, aquarium_pool_double,
          shapermc_ecumenical_altar_acropolis, minmay_gold_behind_fungi,
          grunt_decor_fettered, palyth_stone_intersect
D:2:      layout_basic, basic_altar, uniq_terence, uniq_jessica, uniq_robin

Skill      XL: |  1  2  3  4  5 |
---------------+----------------+-----
Fighting       | 1 2 3 |  3.3
Spellcasting   | 3 |  3.7
Dodging        | |  2.1
Stealth        | |  1.5

Action                   |  1- 3 |  4- 6 || total
-------------------------+-------+-------++-------
Melee: Dagger            |     6 |    19 ||    25
       Unarmed           |     1 |       ||     1
 Cast: Sting             |    44 |    46 ||    90
       Mephitic Cloud    |     1 |     1 ||     2
       Poisonous Vapours |       |     5 ||     5
 Stab: Sleeping          |     1 |       ||     1
Armor: Robe              |     7 |     4 ||    11
Dodge: Dodged            |    26 |    22 ||    48

Table legend: (Time is in decaauts)
 A = Elapsed time spent in this place.
 B = Non-inter-level travel time spent in this place.
 C = Inter-level travel time spent in this place.
 D = Time resting spent in this place.
 E = Time spent auto-exploring this place.
 F = Levels seen in this place.
 G = Mean time per level.
                   A        B        C        D        E       F      G
               +--------+--------+--------+--------+--------+-----+--------+
         Total |   2592 |   2556 |     36 |    609 |   1572 |   2 | 1296.0 |
       Dungeon |   2592 |   2556 |     36 |    609 |   1572 |   2 | 1296.0 |
               +--------+--------+--------+--------+--------+-----+--------+

Top non-repeatable levels by time:
     D:1: 1551 daAuts
     D:2: 1041 daAuts
